 Seeded DCSS version 0.30.0-30-g96aa6591b8 (webtiles) character file.

Game seed: 6351066067085065685 (custom seed)

523 Esekla the Grave Robber (level 7, -6/36 HPs)
             Began as a Deep Elf Necromancer on June 29, 2023.
             Was a Follower of Vehumet.
             Mangled by an ogre
             ... wielding a +0 giant club
              (15 damage)
             ... on level 5 of the Dungeon.
             The game lasted 00:16:32 (4020 turns).

Esekla the Grave Robber (Deep Elf Necromancer)      Turns: 4020, Time: 00:16:33

Health: -6/36      AC:  4    Str:  5    XL:     7   Next: 2%
Magic:  8/17       EV: 14    Int: 22    God:    Vehumet [*.....]
Gold:   215        SH:  0    Dex: 18    Spells: 11/16 levels left

rFire   . . .        a - +5 rapier of the Hero {heavy, rN+ Dex+3}
rCold   . . .        (no shield)
rNeg    + . .        l - +0 robe
rPois   .            v - +0 helmet
rElec   .            (no cloak)
rCorr   .            j - +0 pair of gloves
SInv    .            (no boots)
Will    .....        (no amulet)
Stlth   +++          (no ring)
HPRegen 0.26/turn    (no ring)
MPRegen 0.15/turn

%: no passive effects
@: no status effects
A: no striking features
a: Renounce Religion


You were on level 5 of the Dungeon.
You worshipped Vehumet.
Vehumet was aware of your devotion.
You visited 1 branch of the dungeon, and saw 5 of its levels.

You collected 215 gold pieces.

Inventory:

Hand Weapons
 a - the +5 rapier of the Hero (weapon) {heavy, rN+ Dex+3}
   (You found it on level 3 of the Dungeon)

   Dex:       It affects your dexterity (+3).
   rN:        It protects you from negative energy.
 r - a +0 spear
 s - a +2 vampiric dagger
Missiles
 o - 9 poisoned darts (quivered)
Armour
 j - a +0 pair of gloves (worn)
 l - a +0 robe (worn)
 v - a +0 helmet (worn)
Wands
 f - a wand of roots (16)
Scrolls
 c - 4 scrolls of identify {unknown}
 e - 2 scrolls of fear {unknown}
 k - a scroll of immolation {unknown}
 n - 2 scrolls of fog {unknown}
 p - a scroll of blinking {unknown}
 q - a scroll of enchant armour {unknown}
 t - 3 scrolls of enchant weapon {unknown}
 w - a scroll of summoning {unknown}
 x - a scroll of amnesia {unknown}
 y - a scroll of silence {unknown}
Potions
 b - a potion of magic
 d - a potion of ambrosia {unknown}
 g - 2 potions of attraction {unknown}
 h - a potion of heal wounds {unknown}
 i - 5 potions of curing {unknown}
 m - 2 potions of brilliance {unknown}
 u - a potion of mutation {unknown}


   Skills:
 + Level 2.1 Short Blades
 + Level 0.6 Throwing
 * Level 4.2 Dodging
 + Level 4.0 Stealth
 * Level 5.4 Spellcasting
 * Level 0.9 Conjurations
 * Level 7.0 Necromancy


You had 11 spell levels left.
You knew the following spells:

 Your Spells              Type           Power      Damage    Failure   Level
a - Necrotise             Necr           100%       1d9       1%          1
b - Magic Dart            Conj           40%        1d5       7%          1
d - Vampiric Draining     Necr           37%        2d8       1%          3

Your spell library contained the following spells:

 Spells                   Type           Power      Damage    Failure   Level
 Animate Dead             Necr           37%        N/A       5%          4
 Lesser Beckoning         Tloc           12%        N/A       14%         2
 Agony                    Necr           37%        N/A       14%         5
 Gell's Gravitas          Tloc           6%         N/A       28%         3
 Teleport Other           Tloc           6%         N/A       28%         3


Dungeon Overview and Level Annotations

Branches:
Dungeon (5/15)
 Temple: D:4-7

Altars:
Hepliaklqana
Okawaru
Qazlal
Trog
Vehumet
Zin
The Shining One

Shops:
D:2 =   D:4 (


Message History

The hound bites you but does no damage.
You miss the hound.
The hound is severely wounded.
The hound bites you. x2
The hound attacks as you move away! The hound misses you.
The hound closely misses you.
Casting: Vampiric Draining (safe; 1% risk of failure)
Confirm with . or Enter, or press ? or * to list all spells.
Aiming: Vampiric Draining (safe; 1% risk of failure)
Press: ? - help, Shift-Dir - straight line, f - hound
Aim: a hound (severely wounded)
You draw life force from the hound.
You feel life coursing into your body. The hound bites you but does no damage.
You closely miss the hound.
The hound is almost dead.
The hound closely misses you. x2; The hound bites you.
Casting: Vampiric Draining (safe; 1% risk of failure)
Confirm with . or Enter, or press ? or * to list all spells.
Aiming: Vampiric Draining (safe; 1% risk of failure)
Press: ? - help, Shift-Dir - straight line, f/p - hound
Aim: a hound (almost dead)
You draw life force from the hound!
You kill the hound!
Vehumet accepts your kill.
You feel life coursing into your body.
You have reached level 7!
You puncture the ogre!
The ogre is moderately wounded.
The iguana hisses menacingly.
The ogre hits you with a +0 giant club!!
Ouch! That really hurt!
* * * LOW HITPOINT WARNING * * *
Casting: Vampiric Draining (safe; 1% risk of failure)
Confirm with . or Enter, or press ? or * to list all spells.
Aiming: Vampiric Draining (safe; 1% risk of failure)
Press: ? - help, Shift-Dir - straight line, f - ogre
Aim: an ogre, wielding a +0 giant club (moderately wounded)
You draw life force from the ogre!
You feel life coursing into your body. The ogre hits you with a +0 giant club!
You die...

...# #.# #.#.
##.####.# #.#.##
......#.# ....#
..###.#.# #...#
..# #...######...#
..###............#
..>...#.######.#l#
.....##.# #.#O#
.###.##.# #.#@# .#
#.##.# #.#.#
.###.##.# #...#
#...)...######...#
##...............#
##..#####.####.##
##.#.# #.# #.#
#.##.#####.####.#
........^......>#


You could see an ogre and an iguana.

Vanquished Creatures
  A black bear (D:2)
  A gnoll bouda (D:4)
  4 hounds
  2 iguanas
  11 gnolls
  6 adders
  A worm (D:4)
  3 dart slugs
  7 orcs
  6 ball pythons
  4 bats
  4 endoplasms
  8 goblins
  5 hobgoblins
  A quokka (D:1)
  4 frilled lizards
  5 kobolds
  A rat (D:2)
74 creatures vanquished.

Notes
Turn   | Place    | Note
-------+----------+-------------------------------------------
     0 | D:1      | Esekla the Deep Elf Necromancer began the quest for the
                  | Orb.
     0 | D:1      | Reached XP level 1. HP: 10/10 MP: 6/6
   131 | D:1      | Reached skill level 5 in Necromancy
   259 | D:1      | Reached XP level 2. HP: 12/12 MP: 8/8
   424 | D:4      | Found a radiant altar of Vehumet.
   428 | D:4      | Became a worshipper of Vehumet
   631 | D:3      | Identified the +5 rapier of the Hero {heavy, rN+ Dex+3}
   654 | D:2      | Found Renulab's Jewellery Shop.
  1064 | D:1      | Reached XP level 3. HP: 18/18 MP: 9/9
  1069 | D:1      | Learned a level 3 spell: Vampiric Draining
  1234 | D:2      | Noticed a black bear
  1542 | D:2      | Reached XP level 4. HP: 8/24 MP: 3/11
  1624 | D:2      | Found a faded altar of an unknown god.
  1688 | D:2      | Reached skill level 1 in Short Blades
  1790 | D:2      | Killed a black bear
  1791 | D:2      | Reached skill level 6 in Necromancy
  1791 | D:2      | Reached XP level 5. HP: 28/28 MP: 8/13
  2514 | D:3      | Found a stormy altar of Qazlal.
  2517 | D:3      | Found a hazy altar of Hepliaklqana.
  2517 | D:3      | Found a bloodstained altar of Trog.
  2687 | D:3      | Reached * piety under Vehumet
  2687 | D:3      | Offered knowledge of Magic Dart by Vehumet.
  2690 | D:3      | Learned a level 1 spell: Magic Dart
  2922 | D:4      | Found Ponaysk's Antique Weapon Boutique.
  3069 | D:4      | Found a glowing silver altar of Zin.
  3080 | D:4      | Found an iron altar of Okawaru.
  3145 | D:4      | Reached XP level 6. HP: 32/32 MP: 15/15
  3597 | D:4      | Reached skill level 5 in Spellcasting
  3829 | D:4      | Found a glowing golden altar of the Shining One.
  3852 | D:5      | Entered Level 5 of the Dungeon
  3899 | D:5      | Reached skill level 7 in Necromancy
  4019 | D:5      | Reached XP level 7. HP: 33/36 MP: 10/17
  4020 | D:5      | Mangled by an ogre

Illustrated notes

Levels and vault maps discovered:
D:1:      sevenhm_arrival_forest_fort_small_3, layout_rooms,
          chequers_serial_rivers_room_b, minmay_misc_feat_five
D:2:      layout_loops_ring, dreamdust_ecumenical_altar_angels_and_demons,
          serial_shops, shop
D:3:      layout_basic, grunt_temple_overflow_open, minmay_misc_feat_iff
D:4:      layout_basic, nicolae_overflow_quartered_altars, serial_shops,
          nicolae_diamond_shop
D:5:      layout_loops_ring, lemuel_doored_altar, minmay_misc_feat_rows,
          dreamdust_wishing_well

Skill      XL: |  1  2  3  4  5  6 |
---------------+-------------------+-----
Necromancy     | 5 6 7 |  7.0
Dodging        | 3 4 |  4.2
Stealth        | 3 4 |  4.0
Short Blades   | 1 2 |  2.1
Spellcasting   | 4 5 |  5.4
Throwing       | |  0.6
Conjurations   | |  0.9

Action                     |  1- 3 |  4- 6 |  7- 9 || total
---------------------------+-------+-------+-------++-------
  Melee: Dagger            |    30 |     2 |       ||    32
         Short sword       |    11 |       |       ||    11
         Unarmed           |     9 |       |       ||     9
         Rapier            |    36 |    59 |     1 ||    96
  Throw: Dart              |       |    14 |       ||    14
   Cast: Vampiric Draining |     6 |    26 |     1 ||    33
   Stab: Sleeping          |     4 |     4 |       ||     8
 Armour: Robe              |    23 |    13 |       ||    36
  Dodge: Dodged            |    50 |    63 |       ||   113
